 Dungeon Crawl Stone Soup version 0.28-a0-1524-ge72afd5fc6 (webtiles) character file.

Game seed: 9447417328747659472

2 knot the Skirmisher (level 1, -1/18 HPs)
             Began as a Demonspawn Berserker on Jan 18, 2022.
             Was a Follower of Trog.
             Slain by a kobold (2 damage)
             ... on level 1 of the Dungeon.
             The game lasted 00:00:32 (87 turns).

knot the Skirmisher (Demonspawn Berserker)            Turns: 87, Time: 00:00:33

Health: -1/18      AC:  2    Str: 17    XL:     1   Next: 25%
Magic:  1/1        EV: 12    Int:  8    God:    Trog [*.....]
Gold:   0          SH:  0    Dex: 12    Spells: 0/0 levels left

rFire   . . .      SeeInvis .   a - +0 hand axe
rCold   . . .      Faith    .   (no shield)
rNeg    . . .      Spirit   .   b - +0 animal skin
rPois   .          Reflect  .   (no helmet)
rElec   .          Harm     .   (no cloak)
rCorr   .          Rampage  .   (no gloves)
Will    .....                   (no boots)
Stlth   +.........              (no amulet)
HPRegen 0.06/turn               (no ring)
MPRegen 0.07/turn               (no ring)

@: on berserk cooldown, slowed, very slow
A: no striking features
a: Renounce Religion, Berserk


You were on level 1 of the Dungeon.
You worshipped Trog.
Trog was aware of your devotion.
You visited 1 branch of the dungeon, and saw 1 of its levels.

Inventory:

Hand Weapons
 a - a +0 hand axe (weapon)
Armour
 b - a +0 animal skin (worn)


   Skills:
 - Level 3.0 Fighting
 + Level 2.8 Axes
 - Level 1.7 Armour
 - Level 1.7 Dodging


You couldn't memorise any spells.
You didn't know any spells.
Your spell library was empty.

Dungeon Overview and Level Annotations

Branches:
Dungeon (1/15)

Altars:


Message History

You kill the frilled lizard!
Trog accepts your kill.
A goblin comes into view. It is wielding a +0 dagger.
You feel a strong urge to attack something.
You are no longer berserk.
You are exhausted.
You feel yourself slow down.
The goblin shouts!
The kobold closely misses you. The kobold hits you but does no damage.
Okay, then.
You aren't carrying any potions.
You aren't carrying any scrolls.
Unknown command.
A ball python comes into view.
The kobold barely misses you.
The ball python hisses angrily.
The kobold hits you but does no damage. The ball python closely misses you.
The ball python barely misses you. The kobold closely misses you.
The ball python misses you. The ball python grabs you.
The ball python constricts you.
* * * LOW HITPOINT WARNING * * *
The ball python's grasp on you weakens, but your attempt to escape fails.
The kobold barely misses you. The ball python barely misses you.
The ball python constricts you. The kobold closely misses you.
The ball python barely misses you. The ball python constricts you.
You escape the ball python's grasp.
The ball python bites you.
* * * LOW HITPOINT WARNING * * *
The ball python grabs you. The ball python constricts you.
The kobold hits you with a +0 short sword.
* * * LOW HITPOINT WARNING * * *
You escape the ball python's grasp.
The ball python barely misses you. The ball python grabs you.
The ball python constricts you.
* * * LOW HITPOINT WARNING * * *
You escape the ball python's grasp.
The kobold hits you with a +0 short sword.
You die...

#..........####..........
#..........g......###...
##....)...######......##
#..........##......).....
.....................####
................g....#
...........#####S....###
...........#...#K......#
.....#######.8.#@.......
♣.♣..#.........#........
....##........##........
....'.........#....⌠....
....'.....<...#...⌠.....
....'.........#....⌠....
....##........##.....##.
♣.♣..#.........#.....#
.....#######.8.# ...


You could see a goblin, a ball python and a kobold.

Vanquished Creatures
  A ball python (D:1)
  A frilled lizard (D:1)
  A kobold (D:1)
3 creatures vanquished.

Notes
Turn   | Place    | Note
-------+----------+-------------------------------------------
     0 | D:1      | knot the Demonspawn Berserker began the quest for the Orb.
     0 | D:1      | Reached XP level 1. HP: 18/18 MP: 1/1
    87 | D:1      | Slain by a kobold

Illustrated notes

Levels and vault maps discovered:
D:1:      wander_arrival_estate, layout_rooms, ebering_ecumenical_altar_hall,
          minmay_misc_feat_five, minmay_misc_feat_iff

Action                   || total
-------------------------++-------
Melee: Hand axe          ||    11
Invok: Berserk           ||     1
Armor: Animal skin       ||     3
Dodge: Dodged            ||    19

Table legend: (Time is in decaauts)
 A = Elapsed time spent in this place.
 B = Non-inter-level travel time spent in this place.
 C = Inter-level travel time spent in this place.
 D = Time resting spent in this place.
 E = Time spent auto-exploring this place.
 F = Levels seen in this place.
 G = Mean time per level.
                   A        B        C        D        E       F      G
               +--------+--------+--------+--------+--------+-----+--------+
         Total |     94 |     94 |      0 |      0 |     47 |   1 |   94.0 |
       Dungeon |     94 |     94 |      0 |      0 |     47 |   1 |   94.0 |
               +--------+--------+--------+--------+--------+-----+--------+

Top non-repeatable levels by time:
     D:1: 94 daAuts
